 Dungeon Crawl Stone Soup version 0.16.0-16-g311141a (webtiles) character file.

661867 Chiseanne the Fetichist (level 27, -4/212 (215) HPs)
             Began as a Mummy Monk on Mar 18, 2015.
             Was an Initiate of Gozag.
             Killed from afar by an acid blob (16 damage)
             ... with a splash of acid
             ... created by the royal jelly
             ... on level 6 of the Pits of Slime on Mar 19, 2015.
             The game lasted 09:45:49 (97313 turns).

Chiseanne the Fetichist (Mummy Monk)               Turns: 97313, Time: 09:45:50

HP:   -4/212 (215)  AC:  7    Str: 30      XL:     27
MP:   0/33          EV: 26    Int: 11 (12) God:    Gozag
Gold: 2250          SH: 22    Dex: 28      Spells: 6 memorised, 23 levels left

rFire  + . .     SeeInvis .     s - +11 war axe of Besoytau {elec, rC+ Str+8 Int-2}
rCold  + + +     Clarity  .     r - +0 chain mail "Qiqargh" {+Blink rF+ MP-9 Str+4 Dex+2}
rNeg   + + +     SustAb   .     W - +5 shield {AC+3}
rPois  ∞         Gourm    .     F - +4 helmet of Loechyar {Str+2}
rElec  .         Spirit   +     q - +2 cloak {MR+}
rCorr  .         Warding  .     D - +4 pair of gloves of Jeeb {rN+ Int+6 Dex-2}
rMut   .         Stasis   .     I - +2 pair of boots {run}
MR     ++++.                    v - amulet of guardian spirit
Stlth  ..........               h - ring "Qupteum" {rF+ Str+2}
                                Q - ring "Loaruloc" {+Inv rC+ EV+4 Dex+4}

@: corroded equipment, very slightly contaminated, studying Long Blades, quick,
incredibly resistant to hostile enchantments, extremely unstealthy
A: no food or potions, fire vulnerability, strongly in touch with death, restore
body, cold resistance 1, negative energy resistance 3, poison resistance,
torment resistance, unbreathing
a: Self-Restoration, Potion Petition, Call Merchant, Bribe Branch, Renounce
Religion, Evoke Blink, Evoke Invisibility
}: 3/15 runes: serpentine, barnacled, silver


You were on level 6 of the Pits of Slime.
You worshipped Gozag.
Gozag was noncommittal.
You were not hungry.

You visited 12 branches of the dungeon, and saw 65 of its levels.
You visited 1 bazaar.
You visited 1 ziggurat, and saw 11 of its levels.
You also visited: Labyrinth, Bailey, Ice Cave and Wizlab.

You collected 36242 gold pieces.
You spent 17663 gold pieces at shops.
You paid 16227 gold pieces to Gozag.

Inventory:

Hand weapons
 a - a +9 vampiric long sword
 d - the +6 scimitar of Flaming Death {flame, rPois rF++ rC- MR+}
   (You found it on level 6 of a ziggurat)

   It has been specially enchanted to burn those struck by it, causing extra
   injury to most foes and up to half again as much damage against particularly
   susceptible opponents.
   Big, fiery blades are also staple armaments of hydra-hunters.
   It greatly protects you from fire.
   It makes you vulnerable to cold.
   It protects you from poison.
   It affects your resistance to hostile enchantments.
 f - the +4 scimitar "Demonslayer" {slice, rElec MP+9 Str+3 Dex-3}
   (You found it on level 9 of a ziggurat)

   It inflicts extra damage upon your enemies.
   It affects your strength (+3).
   It affects your dexterity (-3).
   It insulates you from electricity.
   It affects your magic capacity (+9).
 s - the +11 war axe of Besoytau (weapon) {elec, rC+ Str+8 Int-2}
   (You found it on level 5 of the Vaults)

   Occasionally, upon striking a foe, it will discharge some electrical energy
   and cause terrible harm.
   It affects your strength (+8).
   It affects your intelligence (-2).
   It protects you from cold.
Armour
 q - a +2 cloak of magic resistance (worn)
 r - the +0 chain mail "Qiqargh" (worn) {+Blink rF+ MP-9 Str+4 Dex+2}
   (You found it on level 3 of the Elven Halls)

   It affects your strength (+4).
   It affects your dexterity (+2).
   It protects you from fire.
   It affects your magic capacity (-9).
   It lets you blink.
 D - the +4 pair of gloves of Jeeb (worn) {rN+ Int+6 Dex-2}
   (You bought it in a shop on level 15 of the Dungeon)

   It affects your intelligence (+6).
   It affects your dexterity (-2).
   It protects you from negative energy.
 F - the +4 helmet of Loechyar (worn) {Str+2}
   (You bought it in a shop on level 12 of the Dungeon)

   It affects your strength (+2).
 I - a +2 pair of boots of running (worn)
 W - a +5 shield of protection (worn)
Rods
 b - a +7 lightning rod (13/13)
   (You bought it in a shop on level 4 of the Vaults)
 m - a +6 iron rod (17/17)
   (You found it on level 1 of the Snake Pit)
 n - a +8 rod of clouds (3/17)
   (You bought it in a shop on level 2 of the Vaults)
Jewellery
 h - the ring "Qupteum" (right hand) {rF+ Str+2}
   (You bought it in a shop in a bazaar)

   [ring of protection from fire]

   It affects your strength (+2).
   It protects you from fire.
 v - an amulet of guardian spirit (around neck)
 B - the ring "Chayczocol" {SustAb +Blink rN++ Dex-5 SInv Stlth-}
   (You found it in a labyrinth)

   [ring of sustain abilities]

   It sustains your strength, intelligence and dexterity.
   It affects your dexterity (-5).
   It greatly protects you from negative energy.
   It enhances your eyesight.
   It lets you blink.
   It makes you less stealthy.
 Q - the ring "Loaruloc" (left hand) {+Inv rC+ EV+4 Dex+4}
   (You bought it in a shop on level 1 of the Lair of Beasts)

   [ring of evasion]

   It affects your evasion (+4).
   It affects your dexterity (+4).
   It protects you from cold.
   It lets you turn invisible.
 R - an uncursed amulet of regeneration
 U - the ring of Equilibrium {+Fly Int+5 Dex+4}
   (You took it off a deep elf demonologist on level 3 of the Elven Halls)

   [ring of flight]

   It affects your intelligence (+5).
   It affects your dexterity (+4).
   It lets you fly.
 V - an uncursed ring of teleportation
Magical devices
 i - a wand of heal wounds (5)
 t - a wand of heal wounds (1)
 G - a wand of teleportation (5)
 K - a wand of digging (10)
 O - a wand of fire (7)
 P - a wand of fire (5)
Scrolls
 g - 18 scrolls of remove curse
 k - 5 scrolls of fog
 l - 10 scrolls of teleportation
 o - 3 scrolls of silence
 u - 51 scrolls of identify
 w - 2 scrolls of recharging
 y - 3 scrolls of summoning
 A - a scroll of torment
 N - 5 scrolls of magic mapping
 S - 6 scrolls of blinking
 X - 4 scrolls of immolation
 Z - 7 scrolls of fear
Books
 C - a manual of Long Blades
Miscellaneous
 c - a stone of tremors
 e - a disc of storms
 x - a fan of gales
 H - a legendary deck of summoning {the Rangers, drawn: 2}
 L - a phial of floods
 Y - a lamp of fire


   Skills:
 - Level 17.2 Fighting
   Level 1.9(10.9) Short Blades
 * Level 16.0 Long Blades
 - Level 12.8 Axes
   Level 2.2 Slings
 - Level 18.6 Armour
 - Level 12.8 Dodging
 - Level 1.5 Stealth
 - Level 17.7 Shields
 - Level 10.9 Unarmed Combat
 * Level 5.3 Spellcasting
 - Level 11.2 Fire Magic
 - Level 20.3 Evocations


You had 23 spell levels left.
You knew the following spells:

 Your Spells              Type           Power        Failure   Level  Hunger
a - Conjure Flame         Conj/Fire      ###.....     21%         3    N/A
b - Inner Flame           Hex/Fire       ###.....     21%         3    N/A
c - Repel Missiles        Chrm/Air       #.....       88%         2    N/A
d - Swiftness             Chrm/Air       #.......     88%         2    N/A
e - Apportation           Tloc           #.........   69%         1    N/A
f - Blink                 Tloc           N/A          88%         2    N/A

Dungeon Overview and Level Annotations

Branches:
Dungeon (15/15)            Temple (1/1) D:6            Lair (8/8) D:10
 Shoals (5/5) Lair:5        Snake (5/5) Lair:6        Slime (6/6) Lair:6
    Orc (4/4) D:11            Elf (3/3) Orc:3        Vaults (5/5) D:13
  Crypt (3/3) Vaults:2       Tomb (0/3) Crypt:3      Depths (5/5) D:15
    Zot (5/5) Depths:5

Altars:
Ashenzari
Cheibriados
Dithmenos
Elyvilon
Fedhas
Gozag
Kikubaaqudgha
Makhleb
Nemelex Xobeh
Okawaru
Qazlal
Ru
Sif Muna
Trog
Vehumet
Xom
Yredelemnul
Zin
The Shining One
Beogh
Jiyva
Lugonu

Shops:
D:10 *}   D:11 %(   D:12 [   D:15 [   Orc:1 [   Orc:4 %!(*   Elf:3 [
Lair:1 ==   Snake:3 }   Vaults:1 }   Vaults:2 }   Vaults:3 *   Vaults:4 }
Vaults:5 (   Depths:2 =   Depths:3 }   Depths:4 [!   Depths:5 [

Portals:
Hell: Depths:1 Depths:2 Depths:3 Depths:4 Depths:5
Abyss: Depths:4
Pandemonium: Depths:1 Depths:2 Depths:3

Annotations:
Elf:2 2 runed doors


Innate Abilities, Weirdness & Mutations

You do not eat or drink.
Your flesh is vulnerable to fire.
You are strongly in touch with the powers of death.
You can restore your body by infusing magical energy.
Your flesh is cold resistant.
You are immune to negative energy.
Your system is resistant to poisons.
You are immune to unholy pain and torment.
You can survive without breathing.


Message History

The acid blob quivers.
The acid blob spits acid at you. The splash of acid hits you!
* * * LOW HITPOINT WARNING * * *
The acid corrodes your equipment!
The acid burns!
* * * LOW HITPOINT WARNING * * *
The acid blob spits acid at you. The splash of acid hits you!
* * * LOW HITPOINT WARNING * * *
The acid burns!
* * * LOW HITPOINT WARNING * * *
The acid blob spits acid at you. The splash of acid hits you!
* * * LOW HITPOINT WARNING * * *
The acid corrodes your equipment!
The acid burns!
* * * LOW HITPOINT WARNING * * *
The acid blob spits acid at you. The splash of acid hits you!
You die...
Your body crumbles into a pile of gold.

#........ #.........
#.......... #........... .
###...........
#..######.............
....#..................
.........<.............
#..........@....J......
#......................
#.....................##
##....................##$)
#..............JJ....##$=!#
##...............J.J.##?|φ|)#
#................J..###$$)!##
##..................J.###!)#:#
#.....................########.


You could see 4 acid blobs, an azure jelly and a death ooze.

Vanquished Creatures
  the royal jelly (Slime:6)
  5 ancient liches
  Sojobo (Depths:5)
  Norris (Depths:1)
  Saint Roka (Orc:4)
  4 Killer Klowns
  5 curse toes
  Mara (Depths:1)
  14 tentacled monstrosities
  10 golden dragons
  Jory (Depths:4)
  A bone dragon (Depths:4)
  A hellephant (Depths:1)
  A Hell Sentinel (Zig:7)
  Vashnia (Snake:5)
  2 liches
  2 Orb Guardians (Zot:5)
  An Ice Fiend (IceCv)
  The ghost of Lokkij the Wrestler, a mighty TrWr of Cheibriados (Shoals:5)
  3 quicksilver dragons
  2 deep elf blademasters (Elf:3)
  3 titans (Vaults:5)
  2 deep elf master archers (Elf:3)
  A pandemonium lord (Zig:11)
  2 krakens (Shoals:5)
  13 acid blobs
  4 sphinxes
  The ghost of Virusyak the Warrior, a mighty GrMo of Dithmenos (Shoals:5)
  Rupert (Lair:7)
  Agnes (Shoals:5)
  A spellforged servitor (Crypt:3)
  11 tengu reavers
  2 ancient champions (Crypt:3)
  7 shadow dragons
  14 storm dragons
  Frances (D:14)
  2 revenants (Crypt:3)
  6 draconian monks
  Roxanne (Shoals:5)
  12 greater nagas
  Ilsuiw (Shoals:5)
  5 azure jellies
  13 frost giants
  13 fire giants
  Wiglaf (Depths:1)
  10 vault wardens
  6 draconian knights
  A cacodemon (Crypt:3)
  Aizul (Snake:2)
  2 iron dragons
  4 draconian scorchers
  A caustic shrike zombie (Zig:7)
  5 emperor scorpions
  3 curse skulls
  9 deep elf sorcerers
  2 orc warlords
  3 draconian zealots
  11 ghouls
  18 ironheart preservers
  A ghost moth (Zot:4)
  Jorgrun (Depths:5)
  4 draconian annihilators
  4 draconian shifters
  4 reapers
  2 draconian callers (Zig:8)
  24 very ugly things
  24 stone giants
  6 grey draconians
  A green draconian (Zot:1)
  7 deep elf demonologists (Elf:3)
  4 black draconians
  A vampire knight (Depths:4)
  2 lorocyprocas (Depths:2)
  9 red draconians
  6 yellow draconians
  9 purple draconians
  18 dire elephants
  11 deep elf annihilators
  3 mottled draconians (Zot:2)
  5 white draconians
  2 chaos champions (Zig:11)
  4 pale draconians
  An ettin (shapeshifter) (Zig:11)
  8 merfolk javelineers
  25 vault guards
  A mummy priest (Crypt:3)
  8 merfolk impalers
  10 deep elf death magi
  19 fire dragons
  3 minotaurs
  11 ettins
  2 quicksilver dragon zombies (Crypt:3)
  4 death oozes (Slime:6)
  22 yaktaur captains
  6 deep elf high priests
  3 death cobs
  10 great orbs of eyes
  11 eidola (Crypt:3)
  20 ice dragons
  4 hydras
  11 jiangshi
  23 naga warriors
  15 centaur warriors
  4 spriggan air magi
  18 ogre magi
  5 rakshasas
  3 merfolk avatars
  An anaconda (shapeshifter) (Vaults:4)
  12 anacondas
  8 deep troll earth magi
  11 deep troll shamans
  7 merfolk aquamancers
  4 dancing weapons (Elf:2)
  27 death yaks
  4 catoblepae
  2 death yaks (shapeshifter)
  3 satyrs
  5 tengu warriors
  6 vampire magi
  6 shock serpents
  A titan zombie (Crypt:3)
  8 soul eaters
  An iron troll (Zig:4)
  An iron golem (WizLab)
  4 spriggan berserkers
  19 naga sharpshooters
  2 sun demons
  7 orc high priests (Orc:4)
  A fire crab (Vaults:1)
  20 deep elf knights
  2 titan skeletons (Crypt:3)
  2 salamander mystics
  13 skeletal warriors
  26 deep trolls
  A sea snake (shapeshifter) (WizLab)
  2 storm dragon skeletons (Crypt:3)
  8 hell knights
  11 sea snakes
  5 ice devils (IceCv)
  8 flayed ghosts
  4 shadow wraiths
  5 naga ritualists
  A lindwurm (shapeshifter) (Vaults:2)
  7 unseen horrors
  An anaconda zombie (Crypt:3)
  A torturous demonspawn (Depths:2)
  2 ice statues (IceCv)
  A shadow dragon zombie (Crypt:3)
  A deep troll (shapeshifter) (WizLab)
  19 deep elf conjurers
  7 hill giants
  11 deathcaps
  17 ironbrand convokers
  2 giant orange brains
  14 harpies
  2 lindwurms
  10 deep elf summoners
  9 orc sorcerers
  An anaconda skeleton (Crypt:3)
  11 fauns
  6 mana vipers
  A golden dragon skeleton (Crypt:3)
  A frost giant zombie (Depths:3)
  55 ugly things
  12 wolf spiders
  21 orc knights
  3 iron dragon zombies (Crypt:3)
  16 necromancers
  A wolf spider (shapeshifter) (WizLab)
  A stone giant zombie (Depths:1)
  2 wizards
  A hornet (shapeshifter) (Zig:3)
  2 orb spiders (Zig:9)
  9 oklob plants
  2 fire giant zombies
  A mana viper (shapeshifter) (WizLab)
  5 sixfirhies
  3 water nymphs
  15 manticores
  An elephant (shapeshifter) (WizLab)
  A shining eye (Slime:6)
  6 hornets
  A cyclops (shapeshifter) (Depths:5)
  12 elephants
  14 griffons
  A moth of wrath (shapeshifter) (Depths:4)
  35 black mambas
  6 guardian serpents
  A titan simulacrum (Depths:3)
  8 sirens
  8 salamanders
  2 fire giant skeletons
  11 vault sentinels
  An octopode (shapeshifter) (WizLab)
  A stone giant skeleton (Crypt:3)
  7 phantasmal warriors
  Joseph (Orc:3)
  A centaur zombie (D:14)
  A dire elephant zombie (Crypt:3)
  A guardian serpent (shapeshifter) (Depths:3)
  3 frost giant skeletons
  17 moths of wrath
  A black mamba (shapeshifter) (Vaults:4)
  An apocalypse crab (Zig:11)
  12 cyclopes
  A spiny frog (shapeshifter) (WizLab)
  A drowned soul (Shoals:2)
  12 spiny frogs
  2 torpor snails
  A torpor snail (shapeshifter) (WizLab)
  24 naga magi
  8 komodo dragons
  4 kobold demonologists
  An eye of devastation (shapeshifter) (Zig:5)
  2 gargoyles
  7 tengu conjurers
  2 hellions
  4 spriggan zombies
  A yaktaur (shapeshifter) (Vaults:1)
  18 deep elf priests
  46 yaktaurs
  14 hellwings
  A spriggan druid (Lair:6)
  An efreet (D:13)
  4 demonic crawlers
  2 fire drakes (shapeshifter)
  2 tormentors (Zig:7)
  2 trolls (shapeshifter) (WizLab)
  A polar bear (shapeshifter) (WizLab)
  A silent spectre (Crypt:3)
  2 fire drakes
  17 wandering mushrooms
  A jumping spider (shapeshifter) (WizLab)
  29 merfolk
  33 two-headed ogres
  5 polar bears
  A giant leech (shapeshifter) (Zig:11)
  Sonja (D:14)
  18 trolls
  4 wind drakes
  5 jumping spiders
  A shadow dragon simulacrum (Depths:3)
  2 ushabtiu (Crypt:3)
  A bog body (Crypt:2)
  A red devil (Orc:2)
  2 wind drakes (shapeshifter) (Vaults:5)
  9 freezing wraiths
  An alligator zombie (Crypt:3)
  13 blue devils
  A sphinx simulacrum (Depths:3)
  A two-headed ogre (shapeshifter) (Vaults:3)
  A tengu simulacrum (Vaults:3)
  A satyr zombie (Crypt:2)
  39 slime creatures
  An ice dragon zombie (Crypt:3)
  A boulder beetle (Vaults:2)
  A queen bee (shapeshifter) (WizLab)
  A fire dragon zombie (Crypt:3)
  A deep troll zombie (Depths:1)
  A trapdoor spider zombie (D:11)
  17 ravens
  6 basilisks
  A baby alligator (shapeshifter) (WizLab)
  A boulder beetle (shapeshifter) (WizLab)
  4 yaks (shapeshifter)
  8 air elementals
  A redback (shapeshifter) (Vaults:3)
  A tarantella (shapeshifter) (WizLab)
  8 flying skulls
  15 redbacks
  An ettin skeleton (Crypt:3)
  5 snapping turtles
  6 blink frogs (Lair:6)
  7 wyverns
  5 trapdoor spiders
  An elf zombie (Zig:7)
  39 deep elf magi
  5 tarantellas
  15 wraiths
  A spectral black mamba (Crypt:3)
  A deep troll skeleton (Depths:1)
  17 water elementals
  2 shadows
  A vampire (Depths:3)
  A ynoxinul (Zig:8)
  2 chaos spawn
  26 yaks
  Eustachio (D:8)
  A golden eye (shapeshifter) (WizLab)
  A human simulacrum (Vaults:3)
  4 steam dragons
  Grum (Orc:4)
  A hippogriff (shapeshifter) (Vaults:3)
  6 small abominations (WizLab)
  42 deep elf fighters
  15 wolves
  A golden eye (Zig:2)
  10 vampire mosquitoes
  7 large abominations (WizLab)
  A merfolk zombie (Crypt:1)
  3 mottled dragons
  Edmund (D:8)
  15 hippogriffs
  Menkaure (D:5)
  3 hungry ghosts
  26 water moccasins
  2 nagas (shapeshifter)
  3 soldier ants
  15 wargs
  11 raven skeletons (Crypt:3)
  A spiny frog zombie (Crypt:3)
  5 sky beasts
  A soldier ant (shapeshifter) (WizLab)
  88 nagas
  A wasp (D:7)
  5 black bears
  3 eyes of draining
  A deep dwarf (shapeshifter) (WizLab)
  86 orc warriors
  5 ice beasts
  28 centaurs
  4 necrophages (Crypt:2)
  A centaur (shapeshifter) (WizLab)
  2 spiders (Crypt:3)
  10 porcupines
  77 ogres
  4 phantoms
  A sky beast (shapeshifter) (WizLab)
  8 crocodiles
  3 boring beetles
  4 boggarts (Vaults:2)
  A brain worm (D:14)
  A brain worm (shapeshifter) (Vaults:5)
  A salamander zombie (Crypt:1)
  10 big kobolds
  3 lost souls
  Blork the orc (D:5)
  2 glowing shapeshifter simulacra (Vaults:1)
  3 wyvern skeletons
  24 giant frogs
  7 scorpions
  20 killer bees
  A spriggan skeleton (Crypt:3)
  A hippogriff skeleton (Crypt:2)
  10 wights
  3 electric eels
  3 goliath beetles
  9 crimson imps
  2 iron imps (Zig:7)
  2 giant frog zombies
  9 centaur skeletons
  13 hounds
  23 jellies
  48 orc priests
  5 giant frog skeletons
  A human skeleton (Crypt:3)
  Natasha (D:6)
  5 iguanas
  8 hell rats
  42 orc wizards
  20 sheep
  4 worker ants
  A dwarf zombie (Crypt:2)
  2 tengu zombies
  Ijyb (D:2)
  3 mummies
  2 hound zombies (D:5)
  19 gnolls
  16 adders
  7 shadow imps
  3 worker ant zombies
  54 river rats
  A giant mite (D:7)
  15 white imps
  3 worms
  4 giant eyeballs (WizLab)
  An ufetubus (IceCv)
  An adder zombie (D:6)
  2 adder skeletons
  2 giant geckos
  An ooze (shapeshifter) (Elf:3)
  6 oozes
  368 orcs
  23 bats
  2 giant cockroaches
  54 goblins
  33 hobgoblins
  14 jackals
  73 kobolds
  9 quokkas
  3 ball pythons
  A giant cockroach zombie (Crypt:1)
  3 giant gecko skeletons
  4 giant newts
  A goblin zombie (Crypt:1)
  A jackal skeleton (D:4)
  An orc skeleton (Crypt:3)
  A quokka skeleton (D:5)
  23 rats
  2 ballistomycetes
  13 fungi
  39 plants
  2 tentacles (Shoals:5)
3487 creatures vanquished.

Vanquished Creatures (collateral kills)
  A lich (Crypt:3)
  Maud (Lair:5)
  A great orb of eyes (Vaults:3)
  2 vault guards (Vaults:5)
  2 hydras
  A hill giant (D:10)
  An ugly thing (D:15)
  An orc sorcerer (Orc:4)
  An orc knight (Orc:2)
  A siren (Lair:5)
  A vault sentinel (Vaults:5)
  A deep elf priest (D:14)
  3 yaks (Lair:3)
  A vampire mosquito (D:14)
  A naga (Snake:3)
  A porcupine (Lair:5)
  3 orc warriors
  A wyvern skeleton (D:14)
  3 orc wizards
  9 orcs
  2 hobgoblins
38 creatures vanquished.

Vanquished Creatures (others)
  A tengu reaver (Depths:5)
  A war gargoyle (Vaults:5)
  2 deep elf knights
  A shadow wraith (Vaults:3)
  A hill giant (D:14)
  A deep elf conjurer (Vaults:5)
  A salamander (Snake:3)
  A black mamba (Snake:5)
  A vault sentinel (Vaults:5)
  A fire elemental (Crypt:3)
  A yaktaur (Vaults:5)
  2 water elementals
  A basilisk (Vaults:3)
  4 redbacks (Vaults:5)
  3 air elementals (Depths:5)
  A hippogriff (D:9)
  2 shadows (Snake:3)
  2 deep elf fighters (Vaults:5)
  A mottled dragon (Vaults:3)
  A warg (Orc:1)
  4 chimeras
  2 orc warriors (Bailey)
  3 centaurs (D:15)
  An ice beast (Vaults:3)
  A big kobold (IceCv)
  10 lost souls
  An orc wizard (Orc:4)
  A hell rat (Elf:1)
  5 white imps
  8 ufetubi (IceCv)
  2 orcs
  2 hobgoblins
  2 giant spores
  41 fungi
  48 plants
  12 tentacles (Shoals:5)
  200 tentacle segments (Shoals:5)
372 creatures vanquished.

Grand Total: 3897 creatures vanquished

Notes
Turn   | Place    | Note
--------------------------------------------------------------
     0 | D:1      | Chiseanne, the Mummy Monk, began the quest for the Orb.
     0 | D:1      | Reached XP level 1. HP: 18/18 MP: 1/1
   219 | D:1      | Reached XP level 2. HP: 22/24 MP: 2/2
   855 | D:2      | Reached XP level 3. HP: 25/29 MP: 3/3
  1115 | D:2      | Reached XP level 4. HP: 32/35 MP: 4/4
  1151 | D:2      | Noticed Ijyb
  1186 | D:2      | Killed Ijyb
  1540 | D:2      | Reached skill level 4 in Unarmed Combat
  1655 | D:2      | Found an opulent altar of Gozag.
  1662 | D:2      | Became a worshipper of Gozag Ym Sagoz the Greedy
  2137 | D:3      | Found a stormy altar of Qazlal.
  2143 | D:3      | Reached skill level 1 in Armour
  2143 | D:3      | Reached XP level 5. HP: 42/42 MP: 5/5
  2274 | D:3      | Reached skill level 1 in Slings
  2381 | D:3      | Found a blossoming altar of Fedhas.
  2825 | D:4      | Noticed an ogre
  2833 | D:4      | Killed an ogre
  2833 | D:4      | Reached XP level 6. HP: 48/48 MP: 6/6
  3528 | D:4      | Reached XP level 7. HP: 42/55 MP: 7/7
  4002 | D:5      | Entered Level 5 of the Dungeon
  4018 | D:5      | Noticed Menkaure
  4026 | D:5      | Killed Menkaure
  4136 | D:5      | Reached skill level 5 in Fighting
  4136 | D:5      | Reached skill level 5 in Unarmed Combat
  4527 | D:5      | Noticed Blork the orc
  4542 | D:5      | Killed Blork the orc
  4542 | D:5      | Reached XP level 8. HP: 55/62 MP: 8/8
  5788 | D:6      | Reached skill level 5 in Dodging
  6052 | D:6      | Reached skill level 6 in Fighting
  6509 | D:6      | Found a staircase to the Ecumenical Temple.
  6520 | Temple   | Entered the Ecumenical Temple
  6703 | D:6      | Noticed Natasha
  6707 | D:6      | Killed Natasha
  6726 | D:6      | Reached XP level 9. HP: 56/69 MP: 9/9
  7011 | D:7      | Found a sacrificial altar of Ru.
  7014 | D:7      | Found an ancient bone altar of Kikubaaqudgha.
  7017 | D:7      | Found a radiant altar of Vehumet.
  7445 | D:7      | Reached skill level 5 in Armour
  7555 | D:7      | Found a snail-covered altar of Cheibriados.
  8109 | D:8      | Noticed Edmund
  8126 | D:8      | Killed Edmund
  8263 | D:8      | Noticed Eustachio
  8281 | D:8      | Killed Eustachio
  8311 | D:8      | Reached skill level 7 in Fighting
  8315 | D:8      | Noticed a centaur skeleton
  8621 | D:8      | Killed a centaur skeleton
  9013 | D:8      | Found a glowing golden altar of the Shining One.
  9102 | D:8      | Reached XP level 10. HP: 44/79 MP: 10/10
  9764 | D:9      | Found a deep blue altar of Sif Muna.
 10714 | D:10     | Entered Level 10 of the Dungeon
 10994 | D:10     | Found Klopiam's Gadget Boutique.
 11326 | D:9      | Killed an unseen horror
 11326 | D:9      | Reached skill level 8 in Fighting
 12071 | D:10     | Bought a phial of floods for 600 gold pieces
 12173 | D:10     | Noticed a hill giant
 12174 | D:10     | Found an iron altar of Okawaru.
 12186 | D:10     | Killed a hill giant
 12186 | D:10     | Reached XP level 11. HP: 45/86 MP: 11/11
 12377 | D:10     | Found Veydd's General Store.
 12385 | D:10     | Bought a scroll of remove curse for 45 gold pieces
 12385 | D:10     | Bought a scroll of identify for 30 gold pieces
 12429 | D:10     | Reached skill level 1 in Evocations
 12577 | D:10     | Found a staircase to the Lair.
 12634 | Lair:1   | Entered Level 1 of the Lair of Beasts
 12999 | Lair:1   | Found a bloodstained altar of Trog.
 13994 | D:10     | Bought a disc of storms for 300 gold pieces
 14551 | D:11     | Found Ving's Weapon Boutique.
 14643 | D:11     | Found a staircase to the Orcish Mines.
 15060 | D:12     | Killed an unseen horror
 15060 | D:12     | Reached skill level 9 in Unarmed Combat
 15071 | D:12     | Found a labyrinth entrance.
 15075 | Lab      | Entered a labyrinth
 16069 | Lab      | Noticed a minotaur
 16084 | Lab      | Killed a minotaur
 16185 | Lab      | Got a crude pewter ring
 16321 | Lab      | Identified the ring "Chayczocol" {SustAb +Blink rN++ Dex-5 SInv Stlth-} (You found it in a labyrinth)
 16796 | D:11     | Found a glowing golden altar of the Shining One.
 16891 | D:10     | Bought a wand of cold (8) for 360 gold pieces
 17010 | D:11     | Reached skill level 10 in Unarmed Combat
 17010 | D:11     | Reached XP level 12. HP: 30/93 MP: 6/18
 17345 | D:11     | Found Klimefe's Food Shoppe.
 17543 | D:11     | Noticed a hill giant
 17546 | D:11     | Killed a hill giant
 18557 | D:12     | Found Mnumuj's Antique Armour Boutique.
 18593 | D:12     | Bought a spiked helmet for 285 gold pieces
 18595 | D:12     | Bought an embroidered cloak for 135 gold pieces
 18629 | D:12     | Identified the cursed -4 helmet "Namoenge" {Int+4} (You bought it in a shop on level 12 of the Dungeon)
 18829 | D:12     | Noticed a six-headed hydra
 18840 | D:12     | Killed a six-headed hydra
 19481 | D:12     | Reached skill level 5 in Evocations
 20036 | D:12     | Bought a fine helmet for 285 gold pieces
 20047 | D:12     | Identified the +4 helmet of Loechyar {Str+2} (You bought it in a shop on level 12 of the Dungeon)
 20591 | D:13     | Found a gate to the Vaults.
 20856 | D:12     | Bought a pair of embroidered boots for 135 gold pieces
 20862 | D:12     | Identified a +0 pair of boots of running (You bought it in a shop on level 12 of the Dungeon)
 21335 | D:14     | Noticed Sonja
 21499 | D:14     | Killed Sonja
 21536 | D:14     | Got a fine short sword
 21537 | D:14     | Identified the +8 short sword "Zaluisch" {antimagic, rF+ MR+ Dex-3} (You found it on level 14 of the Dungeon)
 21795 | D:14     | Noticed Frances
 22104 | D:12     | Bought a shiny ring mail for 120 gold pieces
 22269 | Lair:2   | Reached XP level 13. HP: 98/98 MP: 24/24
 22582 | D:12     | Bought a shiny ring mail for 120 gold pieces
 22651 | Orc:1    | Entered Level 1 of the Orcish Mines
 22905 | D:12     | Bought a glowing ring mail for 120 gold pieces
 23853 | D:12     | Bought a shiny chain mail for 135 gold pieces
 24007 | Orc:1    | Found Veott's Armour Boutique.
 24106 | Orc:1    | Bought a +0 shield for 76 gold pieces
 25306 | Orc:2    | Reached skill level 1 in Shields
 25417 | Orc:2    | Paralysed by an orc sorcerer for 2 turns
 25669 | D:12     | Bought a distressingly furry plate armour for 840 gold pieces
 25707 | D:12     | Identified the +2 plate armour "Tojeum" {rPois} (You bought it in a shop on level 12 of the Dungeon)
 25850 | Orc:3    | Noticed Joseph
 25875 | Orc:3    | Killed Joseph
 25928 | Orc:3    | Found a flagged portal.
 26015 | Bailey   | Entered a bailey
 26863 | Bailey   | Noticed an orc warlord
 26897 | Bailey   | Killed an orc warlord
 26940 | Bailey   | Got a brightly glowing quarterstaff
 26957 | Bailey   | Got a shimmering plate armour
 26990 | Bailey   | Identified the cursed -5 plate armour of the Zebra {Stlth+} (You found it in a bailey)
 27010 | Bailey   | Identified the +8 quarterstaff "Jeeteap" {crush, rF+ rC- Int+2} (You found it in a bailey)
 27413 | Orc:3    | Found a staircase to the Elven Halls.
 27606 | Orc:3    | Found a roughly hewn altar of Beogh.
 27892 | Orc:4    | Entered Level 4 of the Orcish Mines
 29594 | Orc:4    | Paralysed by an orc sorcerer for 2 turns
 29773 | Orc:4    | Noticed Saint Roka
 30277 | D:14     | Noticed a centaur warrior
 30425 | D:14     | Killed a centaur warrior
 31233 | D:14     | Reached skill level 10 in Evocations
 31743 | D:14     | Killed Frances
 31743 | D:14     | Reached XP level 14. HP: 27/106 MP: 7/27
 32471 | D:15     | Entered Level 15 of the Dungeon
 32542 | D:15     | Found a radiant altar of Vehumet.
 32687 | D:15     | Found Murch's Armour Shoppe.
 32854 | D:15     | Bought a +3 scale mail of fire resistance for 338 gold pieces
 32919 | D:15     | Bought the +4 pair of gloves of Jeeb {rN+ Int+6 Dex-2} for 573 gold pieces
 33142 | D:15     | Reached skill level 10 in Fighting
 33725 | D:15     | Found a staircase to the Depths.
 33725 | D:15     | Noticed a fire giant
 34370 | Lair:2   | Reached skill level 5 in Shields
 35104 | Lair:3   | Got an ancient wooden ring
 35164 | Lair:3   | Identified the ring of Deumes {rElec rPois rC- rN+ Str+5 Int-2} (You found it on level 3 of the Lair of Beasts)
 37059 | Lair:5   | Noticed Maud
 37067 | Lair:5   | Killed Maud
 37095 | Lair:5   | Found a staircase to the Shoals.
 37713 | Lair:6   | Found a staircase to the Snake Pit.
 37883 | Lair:6   | Found a staircase to the Slime Pits.
 37903 | Lair:6   | Found a viscous altar of Jiyva.
 37934 | Lair:6   | Reached skill level 11 in Evocations
 38677 | Lair:7   | Reached skill level 1 in Short Blades
 38698 | Lair:7   | Noticed Rupert
 38714 | Lair:7   | Reached XP level 15. HP: 83/115 MP: 17/29
 38720 | Lair:7   | Killed Rupert
 38861 | Lair:7   | Got a steaming hand axe
 38988 | Lair:7   | Identified the +0 hand axe "Xidiemou" {speed, +Inv rF+ MR+ Str+3} (You found it on level 7 of the Lair of Beasts)
 39168 | Lair:7   | Reached skill level 10 in Armour
 39593 | Lair:8   | Entered Level 8 of the Lair of Beasts
 39614 | Lair:8   | Reached skill level 1 in Long Blades
 40952 | Snake:1  | Entered Level 1 of the Snake Pit
 41419 | Snake:1  | Reached skill level 12 in Evocations
 42173 | Snake:2  | Noticed Aizul
 42235 | Snake:2  | Killed Aizul
 42903 | Snake:3  | Found a frozen archway.
 42925 | Snake:3  | Reached XP level 16. HP: 78/122 MP: 16/30
 42928 | IceCv    | Entered an ice cave
 43470 | IceCv    | Drew Focus: Dex increased to 20, Int decreased to 8
 43471 | IceCv    | Hired Icru Huu the big kobold for 102 gold.
 43474 | IceCv    | Your ally Icru Huu died
 43969 | IceCv    | Noticed an Ice Fiend
 43980 | IceCv    | Killed an Ice Fiend
 43980 | IceCv    | Reached skill level 5 in Long Blades
 44256 | IceCv    | Got a slimy ice dragon armour
 44267 | IceCv    | Identified the +9 ice dragon armour of Ammoryrch {rF- rC++ rN+ Str+10 Dex-4} (You found it in an ice cave)
 44600 | Snake:3  | Found Doatum Onowk's Gadget Boutique.
 44609 | Snake:3  | Bought a lantern of shadows for 320 gold pieces
 44951 | Snake:3  | Found an ancient bone altar of Kikubaaqudgha.
 45152 | Snake:3  | Bought a wand of lightning (5) for 144 gold pieces
 45152 | Snake:3  | Bought a wand of draining (9) for 208 gold pieces
 45152 | Snake:3  | Bought a wand of draining (7) for 176 gold pieces
 45152 | Snake:3  | Bought a wand of fire (8) for 384 gold pieces
 45152 | Snake:3  | Bought a sack of spiders for 320 gold pieces
 46374 | Snake:3  | Reached skill level 13 in Evocations
 47533 | Snake:5  | Entered Level 5 of the Snake Pit
 47578 | Snake:5  | Noticed Vashnia
 47991 | Snake:5  | Found a sacrificial altar of Ru.
 48093 | Snake:5  | Reached XP level 17. HP: 92/128 MP: 22/32
 48826 | Snake:5  | Killed Vashnia
 48826 | Snake:5  | Reached skill level 10 in Shields
 49709 | Snake:5  | Got a serpentine rune of Zot
 50391 | Orc:4    | Noticed Grum
 50402 | Orc:4    | Killed Grum
 50678 | Orc:4    | Found a roughly hewn altar of Beogh.
 50731 | Orc:4    | Found Atzoforo's General Store.
 50738 | Orc:4    | Bought a scroll of identify for 34 gold pieces
 50738 | Orc:4    | Bought a scroll of identify for 34 gold pieces
 50744 | Orc:4    | Found Taph's Antique Weapon Shop.
 50852 | Orc:4    | Reached skill level 14 in Evocations
 51007 | Orc:4    | Killed Saint Roka
 51016 | Orc:4    | Found a roughly hewn altar of Beogh.
 51101 | Orc:4    | Found Estrau's Food Shop.
 51542 | Orc:4    | Found Schiung Kluo's Distillery.
 51829 | Vaults:1 | Entered Level 1 of the Vaults
 51829 | Vaults:1 | Found Hunered's Gadget Emporium.
 51838 | Vaults:1 | Bought a wand of heal wounds (5) for 1080 gold pieces
 51838 | Vaults:1 | Bought a fan of gales for 800 gold pieces
 52315 | Vaults:1 | Reached XP level 18. HP: 134/134 MP: 33/33
 52446 | Vaults:1 | Found a magical portal.
 52457 | WizLab   | Entered Cigotuvi's Fleshworks
 52919 | WizLab   | Noticed a caustic shrike
 52919 | WizLab   | a dire elephant changed into a caustic shrike
 52928 | WizLab   | a caustic shrike changed into an acid blob
 52929 | WizLab   | Noticed a caustic shrike
 52929 | WizLab   | an acid blob changed into a caustic shrike
 52931 | WizLab   | a caustic shrike changed into an alligator snapping turtle
 53081 | WizLab   | Paralysed by a giant eyeball for 2 turns
 53204 | WizLab   | Paralysed by a giant eyeball for 3 turns
 53894 | WizLab   | Identified the Volume of Dusty Transformation (You found it in a wizard's laboratory)
 53896 | WizLab   | Identified Cigotuvi's Compendium of Transformation and Dark Rituals (You found it in a wizard's laboratory)
 53898 | WizLab   | Identified the Disquisition on Shape Shifting and the Rocks (You found it in a wizard's laboratory)
 55663 | Vaults:1 | You fall through a shaft!
 55716 | Vaults:2 | Reached skill level 15 in Evocations
 55817 | Vaults:2 | Found a flickering gateway to a bazaar.
 55898 | Bazaar   | Entered a bazaar
 55902 | Bazaar   | Found Ecig's Jewellery Boutique.
 55920 | Bazaar   | Found Ijic Blu's Weapon Emporium.
 55937 | Bazaar   | Found Fruden's Jewellery Boutique.
 55954 | Bazaar   | Found Dicaev's Armour Shoppe.
 55997 | Bazaar   | Bought the ring "Qupteum" {rF+ Str+2} for 398 gold pieces
 56001 | Bazaar   | Bought a +1 ring of evasion for 33 gold pieces
 56065 | Vaults:2 | Found Peopsor's Gadget Shop.
 56074 | Vaults:2 | Bought a +3 rod of clouds (12/12) for 1500 gold pieces
 56130 | Vaults:2 | Reached skill level 10 in Long Blades
 56606 | Vaults:2 | Found a staircase to the Crypt.
 56664 | Vaults:2 | Reached XP level 19. HP: 124/140 MP: 32/35
 57912 | Vaults:3 | Found Yzxeal's Assorted Antiques.
 57921 | Vaults:3 | Bought a shimmering golden ring for 135 gold pieces
 57921 | Vaults:3 | Bought a scroll of identify for 54 gold pieces
 57921 | Vaults:3 | Bought a wand of digging for 216 gold pieces
 57921 | Vaults:3 | Bought a scroll of teleportation for 81 gold pieces
 57921 | Vaults:3 | Bought a scroll of fog for 54 gold pieces
 57921 | Vaults:3 | Bought a scroll of fear for 94 gold pieces
 57924 | Vaults:3 | Identified the ring of Levity {Fire Int+10 Dex-2} (You bought it in a shop on level 3 of the Vaults)
 58348 | Vaults:3 | You fall through a shaft!
 59343 | Vaults:4 | Found Fryumo's Gadget Shop.
 59403 | Vaults:4 | Bought a +6 lightning rod (12/12) for 1214 gold pieces
 59403 | Vaults:4 | Bought a lamp of fire for 440 gold pieces
 60010 | Vaults:4 | Reached skill level 16 in Evocations
 60013 | Vaults:4 | Reached XP level 20. HP: 137/147 MP: 32/36
 60870 | Elf:1    | Entered Level 1 of the Elven Halls
 62381 | Elf:2    | Got a warped ring mail
 62463 | Elf:2    | Identified the cursed +0 ring mail of Ohuiwn {Slay+2} (You found it on level 2 of the Elven Halls)
 62606 | Elf:2    | Found a runed door.
 62629 | Elf:2    | Found a runed door.
 62896 | Elf:3    | Entered Level 3 of the Elven Halls
 64157 | Elf:3    | Reached skill level 15 in Armour
 64284 | Elf:3    | Got a steaming marble ring
 64303 | Elf:3    | Got a colourful robe
 64499 | Elf:3    | Identified the -1 robe "Shiamuirph" {rC- Str+5 Int+5} (You took it off a deep elf demonologist on level 3 of the Elven Halls)
 64585 | Elf:3    | Got a steaming chain mail
 64647 | Elf:3    | Identified the +0 chain mail "Qiqargh" {+Blink rF+ MP-9 Str+4 Dex+2} (You found it on level 3 of the Elven Halls)
 64683 | Elf:3    | Got a pitted scimitar
 64684 | Elf:3    | Identified the cursed -2 scimitar "Pluter" {drain, rElec rC+ MP-9 Str+4 Int+3} (You took it off a deep elf sorcerer on level 3 of the Elven Halls)
 64728 | Elf:3    | Found Xuoqast's Antique Armour Boutique.
 64735 | Elf:3    | Bought a translucent ring mail for 333 gold pieces
 64746 | Elf:3    | Identified the +2 ring mail "Waecvox" {+Blink Dex+5} (You bought it in a shop on level 3 of the Elven Halls)
 64762 | Elf:3    | Identified the ring of Equilibrium {+Fly Int+5 Dex+4} (You took it off a deep elf demonologist on level 3 of the Elven Halls)
 64937 | Elf:3    | Bought a glowing cloak for 166 gold pieces
 65314 | Lair:1   | Learned a level 1 spell: Apportation
 65317 | Lair:1   | Learned a level 2 spell: Blink
 65320 | Lair:1   | Learned a level 2 spell: Repel Missiles
 65323 | Lair:1   | Learned a level 2 spell: Swiftness
 65481 | Lair:1   | Upgraded the game from 0.16.0-12-g7215832 to 0.16.0-16-g311141a
 65685 | D:15     | Reached XP level 21. HP: 153/153 MP: 28/37
 66040 | D:15     | Killed a fire giant
 66147 | Depths:1 | Entered Level 1 of the Depths
 66209 | Depths:1 | Noticed Wiglaf
 66245 | Depths:1 | Killed Wiglaf
 66757 | Depths:1 | Noticed Norris
 66760 | Depths:1 | Noticed Mara
 66765 | Depths:1 | Killed Norris
 66779 | Depths:1 | Noticed Chiseanne's illusion
 66780 | Depths:1 | Killed Mara
 67430 | Depths:1 | Found a gateway to Hell.
 67613 | Depths:1 | Found a one-way gate leading to the halls of Pandemonium.
 68298 | Depths:2 | Reached skill level 17 in Evocations
 68442 | Depths:2 | Got a scorched jade ring
 68484 | Depths:2 | Identified the ring "Shrarch" {-Cast rPois Int+4 Stlth+} (You found it on level 2 of the Depths)
 70021 | Depths:2 | Found a gateway to a ziggurat.
 70235 | Depths:2 | Reached XP level 22. HP: 108/162 MP: 16/38
 71051 | Depths:3 | Found Qalehanu's Gadget Shop.
 73360 | Depths:3 | Got a smoking ivory amulet
 73636 | Depths:4 | Reached skill level 15 in Shields
 73801 | Depths:4 | Found Woullai's Distillery.
 73842 | Depths:4 | Found a corrupted altar of Lugonu.
 73853 | Depths:4 | Found a one-way gate to the infinite horrors of the Abyss.
 73987 | Depths:4 | Reached skill level 18 in Evocations
 74078 | Depths:4 | Found Jyory's Antique Armour Shoppe.
 74082 | Depths:4 | Found a shattered altar of Ashenzari.
 74117 | Depths:4 | Bought a jacinth-encrusted ring mail for 234 gold pieces
 74117 | Depths:4 | Bought a smelly plate armour for 728 gold pieces
 74117 | Depths:4 | Bought a pitted leather armour for 182 gold pieces
 74117 | Depths:4 | Bought a heavily runed leather armour for 182 gold pieces
 74117 | Depths:4 | Bought a heavily runed cloak for 247 gold pieces
 74200 | Depths:4 | Identified the cursed -3 ring mail of the Saviour {-Tele rCorr Dex+5} (You bought it in a shop on level 4 of the Depths)
 74224 | Depths:4 | Identified the -6 plate armour of the Arcane {rN+ Int+4} (You bought it in a shop on level 4 of the Depths)
 74234 | Depths:4 | Identified the +3 leather armour of Inference {rC+ Dex+3} (You bought it in a shop on level 4 of the Depths)
 74244 | Depths:4 | Identified the +2 leather armour "Blior" {rC- MR+ rCorr} (You bought it in a shop on level 4 of the Depths)
 74289 | Depths:4 | Identified the cursed -2 cloak of Duck's Teeth {rC+} (You bought it in a shop on level 4 of the Depths)
 74531 | Depths:4 | Reached XP level 23. HP: 146/173 MP: 22/39
 75613 | Depths:5 | Entered Level 5 of the Depths
 75613 | Depths:5 | Noticed Jory
 75633 | Depths:4 | Killed Jory
 76075 | Depths:5 | Noticed Jorgrun
 76088 | Depths:5 | Killed Jorgrun
 76135 | Depths:5 | Noticed Sojobo
 76621 | Depths:5 | Found Eghumm's Antique Armour Emporium.
 76629 | Depths:5 | Bought a heavily runed plate armour for 1176 gold pieces
 76640 | Depths:5 | Identified the cursed +0 plate armour of the Thistle {rF- MR++ Dex+5 Stlth+} (You bought it in a shop on level 5 of the Depths)
 76661 | Depths:5 | Found a gate to the Realm of Zot.
 76772 | Depths:5 | Killed Sojobo
 77720 | Shoals:1 | Entered Level 1 of the Shoals
 78445 | Shoals:3 | Found a runed door.
 78838 | Shoals:4 | Reached XP level 24. HP: 159/185 MP: 26/40
 79164 | Shoals:5 | Entered Level 5 of the Shoals
 79164 | Shoals:5 | Found a blossoming altar of Fedhas.
 79178 | Shoals:5 | Noticed Ilsuiw
 79197 | Shoals:5 | Killed Ilsuiw
 79197 | Shoals:5 | Reached skill level 19 in Evocations
 79198 | Shoals:5 | Noticed Agnes
 79230 | Shoals:5 | Killed Agnes
 79456 | Shoals:5 | Noticed Virusyak's ghost (mighty GrMo)
 79480 | Shoals:5 | Killed Virusyak's ghost
 79480 | Shoals:5 | Reached skill level 15 in Fighting
 79519 | Shoals:5 | Got a crude trident
 79544 | Shoals:5 | Identified the +0 trident "Khucuax" {drain, rC+ rN+} (You found it on level 5 of the Shoals)
 79546 | Shoals:5 | Identified the amulet of Weegiat {Spirit rF+ rC+ rN++ Slay-5} (You took it off a frost giant on level 3 of the Depths)
 79597 | Shoals:5 | Noticed Roxanne
 80192 | Shoals:5 | Killed Roxanne
 80317 | Shoals:5 | Noticed Lokkij's ghost (mighty TrWr)
 80341 | Shoals:5 | Killed Lokkij's ghost
 80821 | Shoals:5 | Identified a +0 pair of boots of running (You found it on level 5 of the Shoals)
 81109 | Shoals:5 | Got a barnacled rune of Zot
 81886 | Crypt:1  | Entered Level 1 of the Crypt
 82253 | Crypt:3  | Entered Level 3 of the Crypt
 82631 | Crypt:3  | Found an ancient bone altar of Kikubaaqudgha.
 83918 | Crypt:3  | Noticed an ancient lich
 83963 | Crypt:3  | HP: 8/189 [Ice Fiend[an ancient lich] (17)]
 83964 | Crypt:3  | HP: 3/189 [reaper/scythe of slicing[a lich] (37)]
 84192 | Crypt:3  | Got a pair of steaming boots
 84230 | Crypt:3  | Identified the cursed -6 pair of boots of Wrong Decisions {rPois rN+ rCorr Str+2 Int-4} (You found it on level 3 of the Crypt)
 84631 | Crypt:3  | Found a staircase to the Tomb.
 84866 | Crypt:3  | Killed an ancient lich
 84866 | Crypt:3  | Reached XP level 25. HP: 134/194 MP: 23/41
 85898 | Vaults:5 | Entered Level 5 of the Vaults
 85906 | Vaults:5 | Noticed an ancient lich
 85911 | Vaults:5 | Noticed an ancient lich
 86321 | Vaults:5 | Noticed an ancient lich
 86576 | Vaults:5 | Paralysed by a sphinx for 2 turns
 86605 | Vaults:5 | Killed an ancient lich
 86605 | Vaults:5 | Reached skill level 20 in Evocations
 86738 | Vaults:5 | Killed an ancient lich
 86781 | Vaults:5 | Got a silver rune of Zot
 87045 | Vaults:5 | Noticed an ancient lich
 87222 | Vaults:5 | Killed an ancient lich
 88079 | Vaults:5 | Found Ghueluj's Weapon Boutique.
 88150 | Vaults:5 | Reached XP level 26. HP: 156/205 MP: 28/41
 88206 | Vaults:5 | Got a pitted war axe
 88213 | Vaults:5 | Identified the +11 war axe of Besoytau {elec, rC+ Str+8 Int-2} (You found it on level 5 of the Vaults)
 88256 | Vaults:5 | Reached skill level 1 in Axes
 88420 | Vaults:5 | Killed an ancient lich
 88420 | Vaults:5 | Reached skill level 5 in Fire Magic
 89282 | Lair:1   | Bought the ring "Loaruloc" {+Inv rC+ EV+4 Dex+4} for 1111 gold pieces
 89282 | Lair:1   | Bought an uncursed ring of flight for 297 gold pieces
 89282 | Lair:1   | Bought a cursed -2 ring of protection for 34 gold pieces
 89300 | Lair:1   | Bought a +3 ring of dexterity for 172 gold pieces
 89318 | Lair:1   | Reached skill level 5 in Axes
 89676 | Zot:1    | Entered Level 1 of the Realm of Zot
 90238 | Zot:1    | Identified a scroll of acquirement
 91343 | Zot:3    | Reached skill level 10 in Axes
 91720 | Zot:3    | Reached skill level 10 in Fire Magic
 92622 | Zot:4    | Reached XP level 27. HP: 191/212 MP: 29/42
 93480 | Zot:5    | Entered Level 5 of the Realm of Zot
 94205 | Depths:2 | Bought an uncursed ring of see invisible for 270 gold pieces
 94205 | Depths:2 | Bought an uncursed amulet of stasis for 315 gold pieces
 94221 | Zig:1    | Entered Level 1 of a ziggurat
 94247 | Zig:2    | Entered Level 2 of a ziggurat
 94276 | Zig:3    | Entered Level 3 of a ziggurat
 94282 | Zig:3    | Reached skill level 10 in Dodging
 94312 | Zig:4    | Entered Level 4 of a ziggurat
 94369 | Zig:5    | Entered Level 5 of a ziggurat
 94429 | Zig:6    | Entered Level 6 of a ziggurat
 94485 | Zig:6    | Got a scorched scale mail
 94501 | Zig:6    | Identified the cursed -1 scale mail of the Blind Marksman {Str+2 Slay+3} (You found it on level 6 of a ziggurat)
 94574 | Zig:7    | Entered Level 7 of a ziggurat
 94945 | Zig:8    | Entered Level 8 of a ziggurat
 95197 | Zig:9    | Entered Level 9 of a ziggurat
 95376 | Zig:9    | Got a warped scimitar
 95377 | Zig:9    | Identified the +4 scimitar "Demonslayer" {slice, rElec MP+9 Str+3 Dex-3} (You found it on level 9 of a ziggurat)
 95425 | Zig:10   | Entered Level 10 of a ziggurat
 95561 | Zig:11   | Entered Level 11 of a ziggurat
 95575 | Zig:11   | Noticed Ryto the pandemonium lord
 95575 | Zig:11   | Noticed Straroylaw the pandemonium lord
 95576 | Zig:11   | Noticed Weytatse the pandemonium lord
 95576 | Zig:11   | Noticed Schokhla the pandemonium lord
 95588 | Zig:11   | Killed Straroylaw the pandemonium lord
 95595 | Zig:11   | HP: 8/212 [Ryto the pandemonium lord (17)]
 96248 | Lair:1   | Learned a level 3 spell: Conjure Flame
 96252 | Lair:1   | Learned a level 3 spell: Inner Flame
 96432 | Slime:1  | Entered Level 1 of the Pits of Slime
 96498 | Slime:3  | Reached skill level 1 in Spellcasting
 96523 | Slime:4  | Reached skill level 15 in Long Blades
 96802 | Slime:6  | Entered Level 6 of the Pits of Slime
 97267 | Slime:6  | Noticed the royal jelly
 97309 | Slime:6  | Killed the royal jelly
 97309 | Slime:6  | Reached skill level 5 in Spellcasting
 97313 | Slime:6  | Killed from afar by an acid blob

Action                   |  1- 3 |  4- 6 |  7- 9 | 10-12 | 13-15 | 16-18 | 19-21 | 22-24 | 25-27 || total
-------------------------+-------+-------+-------+-------+-------+-------+-------+-------+-------++-------
Melee: Unarmed           |   121 |   116 |   449 |   952 |  1421 |       |       |       |       ||  3059
       Hunting sling     |       |     6 |       |       |       |       |       |       |       ||     6
       Blowgun           |       |       |       |     1 |       |       |       |       |       ||     1
       Short sword       |       |       |       |     2 |       |       |       |       |       ||     2
       Long sword        |       |       |       |       |   645 |  1277 |  1355 |   708 |   245 ||  4230
       Dagger            |       |       |       |       |     9 |       |       |       |       ||     9
       Demon blade       |       |       |       |       |       |       |       |   872 |   327 ||  1199
       Rod               |       |       |       |       |       |       |       |     1 |       ||     1
       War axe           |       |       |       |       |       |       |       |       |   677 ||   677
 Fire: Hunting sling     |       |   107 |    32 |    31 |     7 |       |       |       |       ||   177
       Blowgun           |       |       |   115 |   225 |   187 |       |       |       |       ||   527
Throw: Throwing net      |       |       |     1 |     1 |       |       |       |       |       ||     2
       Tomahawk          |       |       |       |     4 |    55 |    22 |       |       |       ||    81
Invok: Call Merchant     |       |       |       |     2 |     3 |     1 |     1 |     3 |     2 ||    12
 Abil: Evoke Invisibilit |       |       |       |     8 |    37 |     1 |       |       |       ||    46
Evoke: Wand              |       |       |     1 |    11 |    62 |    16 |    20 |    22 |     4 ||   136
       Phial of floods   |       |       |       |     2 |     3 |       |       |       |       ||     5
       Box of beasts     |       |       |       |    13 |     6 |       |       |       |       ||    19
       Disc of storms    |       |       |       |       |   115 |   288 |     1 |    54 |    14 ||   472
       Rod               |       |       |       |       |    14 |   113 |   159 |   230 |    58 ||   574
       Deck              |       |       |       |       |       |     2 |     2 |       |       ||     4
       Fan of gales      |       |       |       |       |       |       |       |     2 |       ||     2
       Lamp of fire      |       |       |       |       |       |       |       |     1 |     1 ||     2
  Use: Scroll            |       |     8 |    11 |    10 |    21 |    15 |     9 |    24 |    19 ||   117
 Stab: Sleeping          |     1 |       |       |       |       |       |       |       |       ||     1
       Distracted        |       |       |     1 |     6 |     7 |    13 |     8 |     5 |     9 ||    49
       Invisible         |       |       |       |    18 |   109 |       |       |       |       ||   127
       Paralysed         |       |       |       |       |     2 |       |       |       |       ||     2
       Petrified         |       |       |       |       |       |       |     1 |       |       ||     1
